 Dungeon Crawl Stone Soup version 0.29.1-15-g9cfb28693d (webtiles) character file.

Game seed: 5672146604858265788

1241 javelincjr the Magician (level 8, 0/59 HPs)
             Began as a Djinni Conjurer on Feb 27, 2023.
             Slain by an orc warrior
             ... wielding a +0 long sword
              (17 damage)
             ... on level 5 of the Dungeon.
             The game lasted 00:26:23 (8119 turns).

javelincjr the Magician (Djinni Conjurer)           Turns: 8119, Time: 00:26:23

Health: 0/59       AC:  3    Str: 14    XL:     8   Next: 78%
Gold:   183        EV: 13    Int: 20    God:
                   SH:  5    Dex: 12

rFire   + + +      SeeInvis .   C - +0 flail (protect)
rCold   x . .      Faith    .   (no shield)
rNeg    . . .      Spirit   .   a - +0 robe
rPois   ∞          Reflect  +   l - +0 helmet
rElec   .          Harm     .   (no cloak)
rCorr   .          Rampage  .   (no gloves)
Will    .....                   (boots unavailable)
Stlth   ++........              k - amulet of reflection
HPRegen 0.19/turn               h - +6 ring of strength
MPRegen 0.00/turn               q - ring of protection from fire

@: flying, very slightly contaminated, studying Throwing
A: sickness immunity, fire resistance 2, cold vulnerability 1, float, innate
caster, HP casting, extra vitality 1
a: no special abilities


You were on level 5 of the Dungeon.
You visited 1 branch of the dungeon, and saw 5 of its levels.

You collected 183 gold pieces.

Inventory:

Hand Weapons
 b - a +0 short sword
 C - a +0 flail of protection (weapon)
Missiles
 d - 2 throwing nets
Armour
 a - a +0 robe (worn)
 j - a +3 chain mail of fire resistance
 l - a +0 helmet (worn)
 x - the +3 leather armour of Pleasant Breezes {rN+ Will+}
   (You found it on level 3 of the Dungeon)

   rN:        It protects you from negative energy.
   Will:      It increases your willpower.
Magical Staves
 m - a staff of poison
Jewellery
 h - a +6 ring of strength (left hand)
 k - an amulet of reflection (around neck)
 q - a ring of protection from fire (right hand)
 G - a ring of willpower
Scrolls
 c - 4 scrolls of blinking {unknown}
 f - 2 scrolls of torment {unknown}
 g - a scroll of brand weapon {unknown}
 i - 3 scrolls of fear
 n - 2 scrolls of enchant weapon {unknown}
 o - 2 scrolls of teleportation {unknown}
 p - a scroll of enchant armour {unknown}
 s - 3 scrolls of identify {unknown}
 y - 2 scrolls of silence {unknown}
 A - 2 scrolls of noise {unknown}
 B - a scroll of immolation {unknown}
 D - a scroll of amnesia {unknown}
Potions
 e - 2 potions of curing
 r - 2 potions of invisibility {unknown}
 t - a potion of haste {unknown}
 u - a potion of mutation {unknown}
 v - 2 potions of attraction {unknown}
 w - a potion of ambrosia {unknown}
 z - 2 potions of lignification {unknown}
 E - a potion of heal wounds {unknown}
 F - 2 potions of brilliance {unknown}
 H - a potion of cancellation {unknown}


   Skills:
 * Level 5.1 Fighting
 + Level 3.1 Armour
 + Level 4.6 Dodging
 + Level 3.7 Stealth
 * Level 5.3 Spellcasting


You couldn't memorise any spells.
You knew the following spells:

 Your Spells              Type           Power      Damage    Failure   Level
a - Magic Dart            Conj           100%       1d8       1%          1
b - Searing Ray           Conj           52%        2d6       1%          2
c - Dazzling Flash        Conj/Hex       52%        N/A       3%          3
d - Fulminant Prism       Conj/Hex       13%        3d9       13%         4
e - Iskenderun's Mystic   Conj/Tloc      26%        2d7       13%         4
f - Foxfire               Conj/Fire      100%       2x1d9     1%          1
g - Ensorcelled Hibernat  Hex/Ice        52%        N/A       1%          2
h - Tukima's Dance        Hex            26%        N/A       3%          3
Your spell library was empty.

Dungeon Overview and Level Annotations

Branches:
Dungeon (5/15)
 Temple: D:4-7

Altars:
Gozag
Yredelemnul


Innate Abilities, Weirdness & Mutations

You are immune to sickness and miasma.
You are immune to poison.
Your flesh is very heat resistant. (rF++)
You are vulnerable to cold. (rC-)
You float through the air rather than walking.
You learn spells naturally, not from books.
Your magical power is your life essence.
You have superior vitality. (+4 MHP)


Message History

a +0 hand axe; an orc skeleton You see here a river rat corpse.
You see here a +0 club.
You see here a river rat skeleton.
A river rat comes into view.
Found 3 large rocks.
The river rat moves out of view.
Found 14 gold pieces.
An orc warrior is nearby!
You now have 168 gold pieces (gained 14).
You now have 183 gold pieces (gained 15).
You start waiting.
Done waiting.
The orc warrior shouts!
The orc warrior throws a boomerang.
The boomerang barely misses you.
Casting: Magic Dart (safe; 1% risk of failure)
Confirm with . or Enter, or press ? or * to list all spells.
You conjure some foxfire!
Casting: Foxfire (safe; 1% risk of failure)
Confirm with . or Enter, or press ? or * to list all spells.
You miscast Iskenderun's Mystic Blast.
You are very lightly contaminated with residual magic.
Energy rips through your body!
The foxfire hits the orc warrior but does no damage.
The foxfire hits the orc warrior.
The orc warrior is lightly wounded.
Casting: Iskenderun's Mystic Blast (dangerous; 13% risk of failure)
Confirm with . or Enter, or press ? or * to list all spells.
You miscast Iskenderun's Mystic Blast.
Nothing appears to happen.
The orc warrior hits you with a +0 long sword!!
Casting: Iskenderun's Mystic Blast (dangerous; 13% risk of failure)
Confirm with . or Enter, or press ? or * to list all spells.
You erupt in a blast of force!
The mystic blast hits the river rat!
You kill the river rat!
The mystic blast hits the orc warrior.
The orc warrior is moderately wounded.
The orc warrior is knocked back by the mystic blast.
The orc warrior slams into the rock wall!
* * * LOW HITPOINT WARNING * * *
The orc warrior hits you with a +0 long sword!
You die...

#.# ##.r#####.....# #'####
#.### ###.....# .....#### ###
##.####†.#....#
........###.## ##..#.###....#
.....##....#.###.##)##÷)#..##
.....##.###.#.##......######
.....##.# ##.#..###...##
.....##.# #######..÷#.#
....###.## #@o###.## ###
.........# #.## ##.# #.#
.....##### ##.## #.## #.#
.....#...# #..####.# ##.#
.....#.#.# ##.#...####.##
#.##.#.#.# ##.###.##.##
#.##.#.#.# ##..##...##
..†..#.#.# ##.##....#
..####.#.# #...(...#


You could see an orc warrior.

Vanquished Creatures
  Eustachio (D:4)
  Menkaure (D:4)
  A dancing weapon (D:4)
  Edmund (D:4)
  2 ogres (D:5)
  An ice beast (D:5)
  2 scorpions (D:5)
  3 orc priests (D:5)
  A hound (D:3)
  A gnoll bouda (D:5)
  A jelly (D:4)
  An iguana (D:5)
  An orc wizard (D:5)
  2 gnolls (D:2)
  6 adders
  12 river rats (D:5)
  An ufetubus (D:4)
  2 dart slugs
  3 worms
  8 orcs (D:5)
  4 bats
  3 endoplasms (D:1)
  A giant cockroach (D:4)
  2 goblins
  7 hobgoblins
  4 jackals (D:1)
  3 quokkas
  7 ball pythons
  8 kobolds
  18 rats
108 creatures vanquished.

Vanquished Creatures (others)
  160 foxfires
  9 fulminant prisms
  5 plants
174 creatures vanquished.

Grand Total: 282 creatures vanquished

Notes
Turn   | Place    | Note
-------+----------+-------------------------------------------
     0 | D:1      | javelincjr the Djinni Conjurer began the quest for the Orb.
     0 | D:1      | javelincjr set off with the following spells memorised:
                  | Magic Dart, Searing Ray, Dazzling Flash, Fulminant Prism,
                  | Iskenderun's Mystic Blast.
     0 | D:1      | Reached XP level 1. HP: 15/15 MP: 0/0
   475 | D:1      | Reached XP level 2. HP: 18/22 MP: 0/0
   721 | D:1      | Reached skill level 1 in Fighting
   986 | D:1      | Reached XP level 3. HP: 22/27 MP: 0/0
   986 | D:1      | Learned a level 1 spell: Foxfire
  2326 | D:2      | Reached XP level 4. HP: 29/32 MP: 0/0
  3684 | D:3      | Identified the +3 leather armour of Pleasant Breezes {rN+
                  | Will+}
  4014 | D:4      | Noticed Eustachio
  4044 | D:4      | Killed Eustachio
  4045 | D:4      | Reached skill level 1 in Armour
  4045 | D:4      | Reached XP level 5. HP: 17/40 MP: 0/0
  4045 | D:4      | Learned a level 2 spell: Ensorcelled Hibernation
  4045 | D:4      | Reached XP level 6. HP: 19/45 MP: 0/0
  4440 | D:4      | Noticed Edmund
  4899 | D:4      | Noticed Menkaure
  5151 | D:4      | Killed Menkaure
  5152 | D:4      | Reached XP level 7. HP: 38/50 MP: 0/0
  5152 | D:4      | Learned a level 3 spell: Tukima's Dance
  5426 | D:4      | Killed Edmund
  5776 | D:5      | Entered Level 5 of the Dungeon
  6445 | D:5      | Found a basalt altar of Yredelemnul.
  6638 | D:5      | Reached XP level 8. HP: 50/58 MP: 0/0
  6744 | D:5      | Reached skill level 5 in Spellcasting
  7055 | D:5      | Found an opulent altar of Gozag.
  7280 | D:5      | Reached skill level 5 in Fighting
  8119 | D:5      | Slain by an orc warrior

Illustrated notes

Levels and vault maps discovered:
D:1:      wheals_arrival_linesprint, layout_basic,
          chequers_serial_rivers_micro_b, serial_bayou_pond_e
D:2:      layout_basic
D:3:      layout_basic
D:4:      layout_loops_ring, nicolae_titane, uniq_menkaure, uniq_eustachio,
          uniq_edmund
D:5:      lemuel_ratsnest, layout_basic, hangedman_feature_mirror,
          serial_bayou_pond_b

Skill      XL: |  1  2  3  4  5  6  7  8 |
---------------+-------------------------+-----
Fighting       | 1 2 3 4 5 |  5.1
Stealth        | 2 3 |  3.7
Armour         | 1 2 3 |  3.1
Dodging        | 3 4 |  4.6
Spellcasting   | 4 5 |  5.3

Action                   |  1- 3 |  4- 6 |  7- 9 || total
-------------------------+-------+-------+-------++-------
Melee: Short sword       |     3 |       |       ||     3
       Flail             |       |       |     3 ||     3
 Cast: Magic Dart        |    65 |    58 |    25 ||   148
       Searing Ray       |     1 |     3 |     2 ||     6
       Foxfire           |       |    25 |    69 ||    94
       Ensorcelled Hiber |       |     3 |     1 ||     4
       Fulminant Prism   |       |     2 |     7 ||     9
       Iskenderun's Myst |       |       |    13 ||    13
       Tukima's Dance    |       |       |     1 ||     1
  Use: Potion            |       |     2 |       ||     2
       Scroll            |       |     1 |       ||     1
Armor: Robe              |     1 |     3 |     4 ||     8
       Leather armour    |       |     5 |       ||     5
Dodge: Dodged            |     3 |    21 |    14 ||    38
Block: Other             |       |     9 |     6 ||    15
